 Dungeon Crawl Stone Soup version 0.24.0-28-g17ded55e90 (webtiles) character file.

Game seed: 4495112771164089161, levelgen mode: deterministic

533 Delamore the Cleaver (level 7, -2/57 HPs)
             Began as a Hill Orc Fighter on Nov 11, 2019.
             Was a Follower of Nemelex Xobeh.
             Slain by a spiny frog (7 damage)
             ... summoned by a worldbinder
             ... summoned by the meddling of Cheibriados
             ... on level 4 of the Dungeon.
             The game lasted 00:06:42 (3535 turns).

Delamore the Cleaver (Hill Orc Fighter)             Turns: 3535, Time: 00:06:43

Health: -2/57      AC: 11    Str: 21    XL:     7   Next: 24%
Magic:  7/7        EV:  7    Int:  8    God:    Nemelex Xobeh [*.....]
Gold:   175        SH:  9    Dex: 10    Spells: 6/6 levels left

rFire    + + .     SeeInvis .   g - +0 hand axe (flame)
rCold    x . .     Gourm    .   c - +0 shield
rNeg     . . .     Faith    .   u - +0 fire dragon scales (curse)
rPois    .         Spirit   .   (no helmet)
rElec    .         Reflect  .   j - +1 cloak
rCorr    .         Harm     .   (no gloves)
MR       .....                  (no boots)
Stlth    ..........             m - amulet of regeneration
HPRegen  0.59/turn              q - ring of stealth
MPRegen  0.10/turn              (no ring)

@: very slow
A: no striking features
a: Draw Escape, Draw Destruction, Draw Summoning, Renounce Religion


You were on level 4 of the Dungeon.
You worshipped Nemelex Xobeh.
Nemelex Xobeh was aware of your devotion.
You were not hungry.

You visited 2 branches of the dungeon, and saw 5 of its levels.

You collected 175 gold pieces.

Inventory:

Hand Weapons
 a - a +0 war axe
 g - a +0 hand axe of flaming (weapon)
Armour
 c - a +0 shield (worn)
 e - a +0 plate armour
 j - a +1 cloak (worn)
 s - a +1 leather armour of cold resistance
 u - cursed +0 fire dragon scales (worn)
Jewellery
 m - an amulet of regeneration (around neck)
 q - a ring of stealth (left hand)
Scrolls
 p - a scroll of remove curse
 r - a scroll of blinking {unknown}
 t - 3 scrolls of identify
 v - a scroll of fear
Potions
 b - 5 potions of curing
 d - a potion of might
 h - a potion of mutation {unknown}
 i - 2 potions of ambrosia {unknown}
 k - a potion of resistance
 l - 2 potions of degeneration {unknown}
 n - a potion of agility {unknown}
 o - a potion of lignification
 w - a potion of heal wounds {unknown}
Comestibles
 f - 3 rations


   Skills:
 - Level 3.6 Fighting
 * Level 10.1 Axes
 - Level 3.2 Armour
 - Level 3.2 Shields


You had 6 spell levels left.
You didn't know any spells.
Your spell library contained the following spells:

 Spells                   Type           Power        Failure   Level  Hunger
 Pain                     Necr           #...         100%        1    ##.....


Dungeon Overview and Level Annotations

Branches:
Dungeon (4/15)             Temple (1/1) D:4

Altars:
Ashenzari
Cheibriados
Dithmenos
Gozag
Hepliaklqana
Kikubaaqudgha
Makhleb
Nemelex Xobeh
Okawaru
Sif Muna
Trog
Uskayaw
Vehumet
Xom
Yredelemnul


Message History

You are too injured to fight recklessly!
Your shield and fire dragon scales prevent you from hitting the worldbinder.
The worldbinder is moderately damaged.
You hit the blink frog. You burn the blink frog.
You hit the spiny frog but do no damage.
The blink frog burns!
The blink frog hits you!
* * * LOW HITPOINT WARNING * * *
The worldbinder hits you.
* * * LOW HITPOINT WARNING * * *
The worldbinder hits you.
* * * LOW HITPOINT WARNING * * *
Your shield and fire dragon scales prevent you from hitting the worldbinder.
The worldbinder is moderately damaged.
Your shield and fire dragon scales prevent you from hitting the blink frog.
You hit the spiny frog. You burn the spiny frog.
You hit the dream sheep but do no damage.
The blink frog disappears in a puff of smoke!
The spiny frog stings you!
You die...
Your body glows slightly and disappears.

#..#
##..#####.....
##### ##.#
##...##......
#.<.## #.#
#..........#
####.# ##.#
########...#
#.## #..##
##..# #..#
#...### #..#
##.## #.....##
#..#
#..###Yx§...##
##..
##.....@.....##
#..
#......F.....#
#..
#.........>..#
##.
##..##########
#. ##..##
##########.
#####...#
#..........
#....##.##
##....##....
#######..#
#..#########
#.## #..# #


You could see a worldbinder, a spiny frog and a dream sheep.

Vanquished Creatures
  A naga (D:4)
  An ogre (D:4)
  A scorpion (D:4)
  2 orc wizards (D:3)
  A worker ant (D:4)
  3 gnolls (D:2)
  8 adders
  An adder skeleton (D:4)
  4 worms
  A dart slug (D:3)
  A leopard gecko (D:1)
  9 orcs
  10 bats
  3 giant cockroaches
  6 goblins
  4 hobgoblins
  6 jackals
  4 quokkas
  6 frilled lizards
  8 kobolds
  A quokka zombie (D:2)
  5 rats
86 creatures vanquished.

Notes
Turn   | Place    | Note
-------+----------+-------------------------------------------
     0 | D:1      | Delamore the Hill Orc Fighter began the quest for the Orb.
     0 | D:1      | Reached XP level 1. HP: 19/19 MP: 1/1
    30 | D:1      | Reached skill level 3 in Axes
   142 | D:1      | Reached XP level 2. HP: 24/26 MP: 2/2
   514 | D:2      | Reached skill level 4 in Axes
   582 | D:2      | Reached XP level 3. HP: 22/31 MP: 3/3
   846 | D:2      | Reached skill level 5 in Axes
   969 | D:2      | Reached XP level 4. HP: 39/39 MP: 4/4
  1401 | D:2      | Reached skill level 6 in Axes
  1613 | D:3      | Reached skill level 7 in Axes
  1613 | D:3      | Reached XP level 5. HP: 40/45 MP: 5/5
  1711 | D:3      | Found a snail-covered altar of Cheibriados.
  1795 | D:3      | Became a worshipper of Cheibriados the Contemplative
  1971 | D:3      | Found a shadowy altar of Dithmenos.
  2159 | D:3      | Reached * piety under Cheibriados
  2176 | D:3      | Reached skill level 8 in Axes
  2294 | D:3      | Reached XP level 6. HP: 51/51 MP: 6/6
  2347 | D:3      | Found an ancient bone altar of Kikubaaqudgha.
  2347 | D:3      | Found a shimmering blue altar of Sif Muna.
  2349 | D:3      | Found a radiant altar of Vehumet.
  2351 | D:3      | Identified Kikubaaqudgha's Tome of Evil Arts
  2426 | D:3      | Found a faded altar of an unknown god.
  2432 | D:3      | Fell from the grace of Cheibriados
  2432 | D:3      | Became a worshipper of Nemelex Xobeh the Trickster
  2432 | D:3      | Received a gift from Nemelex Xobeh
  2432 | D:3      | Reached * piety under Nemelex Xobeh
  2432 | D:3      | Received a gift from Nemelex Xobeh
  2572 | D:4      | Noticed a naga
  2572 | D:4      | an ogre changed into a naga
  2573 | D:4      | Killed a naga
  2573 | D:4      | Reached skill level 9 in Axes
  2573 | D:4      | Reached XP level 7. HP: 51/57 MP: 7/7
  2799 | D:4      | Found a staircase to the Ecumenical Temple.
  2806 | Temple   | Entered the Ecumenical Temple
  3148 | D:4      | Reached skill level 10 in Axes
  3521 | D:4      | Noticed a worldbinder
  3521 | D:4      | Noticed a worldbinder
  3523 | D:4      | Noticed a vampire mosquito
  3523 | D:4      | Noticed an insubstantial wisp
  3526 | D:4      | Noticed a dream sheep
  3526 | D:4      | Noticed a blink frog
  3532 | D:4      | Noticed a dream sheep
  3532 | D:4      | Noticed a spiny frog
  3535 | D:4      | Slain by a spiny frog

Levels and vault maps discovered:
D:1:      zelgadis_glass_arrival_small, layout_rooms
D:2:      layout_loops_ring, minmay_misc_feat_encased, grunt_decor_fettered
D:3:      layout_basic, grunt_temple_overflow_magic_moments,
          lemuel_crystal_altar, old_standard_altar,
          chequers_ecumenical_altar_grove
D:4:      layout_layer_cave, minmay_temple_entry_enclosed_plants
Temple:   compressed_dpeg_triangle_lava_temple

Skill      XL: |  1  2  3  4  5  6  7 |
---------------+----------------------+-----
Axes           | 3 4 5 7 8 9 10 | 10.1
Fighting       | |  3.6
Armour         | |  3.2
Shields        | |  3.2

Action                   |  1- 3 |  4- 6 |  7- 9 || total
-------------------------+-------+-------+-------++-------
Melee: War axe           |    13 |       |       ||    13
       Hand axe          |    87 |   169 |    70 ||   326
 Abil: Draw Destruction  |       |     1 |     4 ||     5
  Use: Scroll            |     4 |     3 |       ||     7
 Stab: Sleeping          |       |     1 |       ||     1
  Eat: Chunk             |       |     6 |     4 ||    10
Armor: Scale mail        |    13 |       |       ||    13
       Plate armour      |    54 |   101 |       ||   155
       Fire dragon scale |       |     5 |    26 ||    31
       Leather armour    |       |     3 |       ||     3
Dodge: Dodged            |    21 |    25 |    14 ||    60
Block: Shield            |    66 |    90 |    26 ||   182
